 Dungeon Crawl Stone Soup version 0.32-a0-607-g64ea0e4219 (webtiles) character file.

Game seed: 12069868740623299386

8955 jasper the Grappler (level 11, -3/81 HPs)
             Began as a Demonspawn Cinder Acolyte on Mar 3, 2024.
             Was a Priest of Ignis.
             Killed by divine providence
             ... invoked by an orc priest
              (14 damage)
             ... on level 8 of the Dungeon.
             The game lasted 00:14:21 (9334 turns).

jasper the Grappler (Demonspawn Cinder Acolyte)     Turns: 9334, Time: 00:14:21

Health: -3/81      AC: 11    Str: 20    XL:     11   Next: 16%
Magic:  12/12      EV:  9    Int: 14    God:    Ignis [***...]
Gold:   662        SH:  9    Dex:  8    Spells: 12/12 levels left

rFire   + +          .
                       - Unarmed
rCold   . . .        e - +0 kite shield
rNeg    . . .        l - +0 ring mail of Efinul {rF+ Stlth+}
rPois   .            n - +1 helmet
rElec   .            F - +0 cloak
rCorr   .            (no gloves)
SInv    .            o - +2 pair of boots
Will    .....        (no amulet)
Stlth   +            (no ring)
HPRegen 0.33/turn    (no ring)
MPRegen 0.13/turn

%: no passive effects
@: lethally poisoned (-3 -> -10)
A: demonic guardian 1, ignite blood 2, weakness stinger 2, frail 1
a: Renounce Religion, Fiery Armour, Foxfire Swarm, Rising Flame


You were on level 8 of the Dungeon.
You worshipped Ignis.
Ignis was most pleased with you.
You visited 1 branch of the dungeon, and saw 8 of its levels.
You also visited: Bailey.

You collected 1695 gold pieces.
You spent 1033 gold pieces at shops.

Inventory:

Hand Weapons
 k - the +8 Vampire's Tooth {megavamp}
   (You took it off an orc high priest in a bailey)
 x - the +9 short sword "Ketoiq" {flame, rElec rC+ Str+5}
   (You found it on level 7 of the Dungeon)

   Str+5:     It affects your strength (+5).
   rC+:       It protects you from cold.
   rElec:     It insulates you from electricity.
Missiles
 m - 48 stones (quivered)
 q - 20 poisoned darts
 D - 2 throwing nets
Armour
 a - a +0 robe
 c - a +0 leather armour
 e - a +0 kite shield (worn)
 g - a +0 ring mail
 h - a +0 buckler
 l - the +0 ring mail of Efinul (worn) {rF+ Stlth+}
   (You bought it in a shop on level 2 of the Dungeon)

   rF+:       It protects you from fire.
   Stlth+:    It makes you more stealthy.
 n - a +1 helmet (worn)
 o - a +2 pair of boots (worn)
 t - the +10 tower shield of Ignorance {rN+ Int-4}
   (You took it off a hobgoblin in a bailey)

   Int-4:     It affects your intelligence (-4).
   rN+:       It protects you from negative energy.
 w - a scarf of repulsion
 F - a +0 cloak (worn)
Jewellery
 i - an amulet of magic regeneration
Talismans
 B - a maw talisman
Wands
 v - a wand of paralysis (3)
 E - a wand of mindburst (15)
Scrolls
 b - 2 scrolls of poison
 p - a scroll of revelation
 C - a scroll of identify
Potions
 d - a potion of ambrosia
 f - 5 potions of curing
 j - 2 potions of resistance
 r - a potion of attraction
 s - 5 potions of might
 u - 2 potions of mutation
 z - a potion of cancellation {unknown}
 A - a potion of brilliance {unknown}
 G - a potion of enlightenment


   Skills:
 + Level 9.7 Fighting
 + Level 6.4 Shields
 * Level 12.3 Unarmed Combat
 - Level 1.0 Spellcasting
 - Level 2.6 Fire Magic


You had 12 spell levels left.
You didn't know any spells.
Your spell library contained the following spells:

 Spells                   Type           Power      Damage    Failure   Level
 Scorch                   Fire           16%        2d5       45%         2
 Apportation              Tloc           0%         N/A       69%         1
 Necrotise                Necr           0%         1d4       69%         1
 Sting                    Conj/Alch      0%         1d3       69%         1
 Summon Small Mammal      Summ           0%         N/A       69%         1
 Blink                    Tloc           0%         N/A       83%         2
 Lesser Beckoning         Tloc           0%         N/A       83%         2
 Momentum Strike          Conj/Tloc      0%         3d8       83%         2
 Inner Flame              Hex/Fire       4%         N/A       86%         3
 Volatile Blastmotes      Fire/Tloc      8%         2d10      86%         3
 Dazzling Flash           Conj/Hex       0%         N/A       96%         3
 Frozen Ramparts          Ice            0%         1d1       96%         3
 Stone Arrow              Conj/Erth      0%         3d7       96%         3
 Summon Blazeheart Golem  Fire/Summ      4%         N/A       99%         4
 Animate Armour           Summ/Erth      0%         N/A       100%        4
 Leda's Liquefaction      Alch/Erth      0%         N/A       100%        4
 Petrify                  Alch/Erth      0%         N/A       100%        4
 Irradiate                Conj/Alch      0%         3d11      100%        5
 Metabolic Englaciation   Hex/Ice        0%         N/A       100%        5
 Starburst                Conj/Fire      2%         6d3       100%        6
 Orb of Destruction       Conj           0%         9d5       100%        7
 Spellforged Servitor     Conj/Summ      0%         N/A       100%        7
 Ignition                 Fire           4%         3d4       100%        8
 Lehudib's Crystal Spear  Conj/Erth      0%         10d2      100%        8
 Maxwell's Capacitive Co  Air            0%         ∞         100%        8


Dungeon Overview and Level Annotations

Branches:
Dungeon (8/15)             Temple (0/1) D:6          Bailey (visited)
   Lair: D:8-11

Altars:
Makhleb
Nemelex Xobeh
Qazlal
Ru
Sif Muna
Vehumet
Wu Jian

Shops:
D:2 :!([   D:8 !


Innate Abilities, Weirdness & Mutations

A weak demonic guardian rushes to your aid.
Your demonic aura often causes spilled blood to erupt in flames.
You have a tail ending in a sharp stinger.
You are frail. (-10% HP)


Message History

You pummel the two-headed ogre!!
The two-headed ogre is almost dead.
Your quasit bites something but does no damage.
Your quasit claws something.
Your quasit barely misses something.
The orc priest completely misses your quasit.
The two-headed ogre is engulfed in blazing flames.
You kill the two-headed ogre!
Your quasit barely misses the orc priest.
Your quasit claws the orc priest.
Your quasit claws the orc priest but does no damage.
The orc priest hits your quasit with a +0 hand axe.
Your quasit bites the orc priest but does no damage.
Your quasit claws the orc priest but does no damage.
Your quasit closely misses the orc priest.
You start resting.
Your quasit disappears in a puff of smoke!
An orc priest is nearby!
You regained 2 hp, and now have 15/81 hp.
Something hits you but does no damage.
You hear some strange, mumbled words.
A magic dart appears from out of thin air!
The magic dart hits you!
* * * LOW HITPOINT WARNING * * *
A demonic guardian appears!
The orc priest hits you with a +0 hand axe.
* * * LOW HITPOINT WARNING * * *
You take 9 damage, and have 6/81 hp.
You barely miss the orc priest.
The orc priest is heavily wounded.
Something hits you.
* * * LOW HITPOINT WARNING * * *
You are lethally poisoned!
The orc priest hits you but does no damage.
You take 3 damage, and have 3/81 hp.
You feel better. Something hits you but does no damage.
You are poisoned.
The orc priest invokes the aid of Beogh against you.
Beogh smites you!
You die...
Ignis goes out, and joins you in death.

####### ..... .. #..# #.####
#.## #.... # #{5# #... .. #
##@# ##.#####... # #.######
#o#####.......... # #......##
#o.).{5)o.....### ##
######..##########o###.....o
§#######...............#∩#####
§........####..##.....o#'#
..######## ##...........# #
..# #######...###..#### .. #.#
##..........##..# ##.#


You could see 2 orc priests and a friendly shadow imp (summoned).

Vanquished Creatures
  A two-headed ogre (D:8)
  An orc high priest (Bailey)
  Pikel (D:4)
  2 orc knights (Bailey)
  An orc sorcerer (Bailey)
  Maurice (D:8)
  Grinder (D:5)
  Sigmund (D:5)
  Eustachio (D:5)
  The ghost of cforsyth the Grave Robber, an amateur MDNe (D:3)
  A steam dragon (D:7)
  Edmund (D:5)
  Menkaure (D:4)
  An acid dragon (D:8)
  16 orc warriors
  2 ice beasts
  3 sky beasts
  An ogre (D:6)
  A centaur (D:6)
  A phantom (D:6)
  A kobold brigand (D:7)
  2 bullfrogs (D:7)
  2 gnoll sergeants
  5 scorpions
  4 wights (D:8)
  3 killer bees (D:8)
  2 howler monkeys
  5 electric eels (Bailey)
  2 bombardier beetles
  A jelly (D:5)
  2 gnoll boudas
  A hound (D:4)
  9 orc priests
  A sleepcap (D:4)
  5 iguanas
  4 orc wizards
  23 gnolls
  4 adders
  A shadow imp (D:6)
  2 white imps
  2 ufetubi (D:5)
  3 dart slugs (D:1)
  4 ribbon worms
  32 orcs
  5 ball pythons
  3 endoplasms
  4 giant cockroaches
  11 goblins
  7 hobgoblins
  2 quokkas (D:4)
  4 bats
  4 frilled lizards
  12 kobolds
  2 rats
213 creatures vanquished.

Vanquished Creatures (collateral kills)
  A killer bee (D:8)
  An adder (D:2)
  3 orcs
5 creatures vanquished.

Grand Total: 218 creatures vanquished

Notes
Turn   | Place    | Note
-------+----------+-------------------------------------------
     0 | D:1      | jasper the Demonspawn Cinder Acolyte began the quest for
                  | the Orb.
     0 | D:1      | Reached XP level 1. HP: 18/18 MP: 2/2
   314 | D:1      | Gained mutation: Your demonic aura sometimes causes spilled
                  | blood to erupt in flames. [demonic ancestry]
   314 | D:1      | Reached XP level 2. HP: 24/24 MP: 3/3
   841 | D:2      | Gained mutation: A weak demonic guardian rushes to your
                  | aid. [demonic ancestry]
   841 | D:2      | Reached XP level 3. HP: 18/30 MP: 4/4
  1045 | D:2      | Reached skill level 1 in Shields
  1054 | D:2      | Found Sueddago's Book Boutique.
  1131 | D:2      | Found Nydiel's Distillery.
  1153 | D:2      | Bought a potion of curing for 33 gold pieces
  1153 | D:2      | Bought a potion of heal wounds for 55 gold pieces
  1222 | D:2      | Found a stormy altar of Qazlal.
  1300 | D:2      | Found Ciogh's Antique Armour Emporium.
  1404 | D:2      | Found Pyalulyf's Weapon Shop.
  1869 | D:3      | Identified a scroll of acquirement
  1869 | D:3      | Acquired 563 gold pieces
  1885 | D:2      | Bought a kite shield for 103 gold pieces
  1885 | D:2      | Bought a transparent ring mail for 207 gold pieces
  1885 | D:2      | Identified the +0 ring mail of Efinul {rF+ Stlth+} (You
                  | bought it in a shop on level 2 of the Dungeon)
  1885 | D:2      | Bought a helmet for 103 gold pieces
  1885 | D:2      | Bought a pair of boots for 103 gold pieces
  2012 | D:3      | Reached XP level 4. HP: 38/38 MP: 5/5
  2877 | D:3      | Found a runed translucent door.
  2878 | D:3      | Noticed cforsyth's ghost (amateur MDNe)
  2927 | D:3      | Killed cforsyth's ghost
  2928 | D:3      | Reached skill level 5 in Fighting
  2928 | D:3      | Reached XP level 5. HP: 35/44 MP: 6/6
  2993 | D:4      | Found a radiant altar of Vehumet.
  3179 | D:4      | Noticed Menkaure
  3192 | D:4      | Gained mutation: Your demonic aura often causes spilled
                  | blood to erupt in flames. [demonic ancestry]
  3192 | D:4      | Reached XP level 6. HP: 33/51 MP: 7/7
  3194 | D:4      | Killed Menkaure
  3599 | D:4      | Found a burning altar of Makhleb.
  3723 | D:4      | Noticed Pikel
  3732 | D:4      | Reached XP level 7. HP: 51/59 MP: 8/8
  3741 | D:4      | Killed Pikel
  3742 | D:4      | Reached skill level 4 in Unarmed Combat
  3742 | D:4      | Reached XP level 8. HP: 44/68 MP: 9/9
  3993 | D:4      | Found an ornate altar of the Wu Jian Council.
  4026 | D:5      | Entered Level 5 of the Dungeon
  4038 | D:5      | Noticed Sigmund
  4206 | D:5      | Killed Sigmund
  4207 | D:5      | Reached skill level 5 in Unarmed Combat
  4253 | D:5      | Noticed Grinder
  4265 | D:5      | Killed Grinder
  4266 | D:5      | Reached skill level 6 in Unarmed Combat
  4379 | D:5      | Noticed Edmund
  4397 | D:5      | Killed Edmund
  4406 | D:5      | Reached skill level 7 in Unarmed Combat
  4674 | D:5      | Found a sparkling altar of Nemelex Xobeh.
  4914 | D:5      | Noticed Eustachio
  4947 | D:5      | Killed Eustachio
  4948 | D:5      | Gained mutation: You have a small tail. [demonic ancestry]
  4948 | D:5      | Reached XP level 9. HP: 27/74 MP: 10/10
  5444 | D:6      | Reached skill level 8 in Unarmed Combat
  5843 | D:6      | Reached skill level 9 in Unarmed Combat
  5932 | D:6      | Found a staircase to the Ecumenical Temple.
  6380 | D:7      | Reached skill level 10 in Unarmed Combat
  6390 | D:7      | Identified the +9 short sword "Ketoiq" {flame, rElec rC+
                  | Str+5}
  6525 | D:7      | Found a flagged portal.
  6530 | Bailey   | Entered a bailey
  7015 | Bailey   | Gained mutation: You have a tail ending in a sharp stinger.
                  | [demonic ancestry]
  7015 | Bailey   | Reached XP level 10. HP: 60/80 MP: 11/11
  7673 | Bailey   | Noticed an orc knight
  7677 | Bailey   | Reached skill level 11 in Unarmed Combat
  7680 | Bailey   | Killed an orc knight
  7681 | Bailey   | Reached skill level 5 in Shields
  7690 | Bailey   | Acquired 662 gold pieces
  7736 | Bailey   | Found an iron altar of Okawaru.
  7737 | Bailey   | Noticed an orc sorcerer
  7737 | Bailey   | Noticed an orc knight
  7751 | Bailey   | Gained mutation: You are frail. (-10% HP) [a neqoxec]
  7759 | Bailey   | Noticed an orc high priest
  7767 | Bailey   | Killed an orc knight
  7771 | Bailey   | Noticed a rust devil
  7772 | Bailey   | Killed an orc sorcerer
  7783 | Bailey   | Killed an orc high priest
  7789 | Bailey   | HP: 2/74 [orc warrior/+0 war axe (4)]
  8121 | D:7      | Found a stormy altar of Qazlal.
  8136 | D:7      | Found a shimmering blue altar of Sif Muna.
  8566 | D:8      | Found a sacrificial altar of Ru.
  8575 | D:8      | Reached skill level 12 in Unarmed Combat
  8900 | D:8      | Noticed Maurice
  8906 | D:8      | Maurice stole the +8 Vampire's Tooth {megavamp}
  8908 | D:8      | Killed Maurice
  8909 | D:8      | Reached XP level 11. HP: 58/79 MP: 12/12
  9302 | D:8      | Found Qois Pur's Distillery.
  9306 | D:8      | Bought 2 potions of curing for 78 gold pieces
  9306 | D:8      | Bought a potion of resistance for 130 gold pieces
  9306 | D:8      | Bought a potion of might for 52 gold pieces
  9306 | D:8      | Bought a potion of might for 52 gold pieces
  9306 | D:8      | Bought a potion of enlightenment for 65 gold pieces
  9306 | D:8      | Bought a potion of might for 52 gold pieces
  9312 | D:8      | Noticed a two-headed ogre
  9322 | D:8      | Killed a two-headed ogre
  9333 | D:8      | HP: 3/81 [something (4)]
  9334 | D:8      | Killed from afar by an orc priest

Illustrated notes

Levels and vault maps discovered:
D:1:      minmay_arrival_radiant_lines, layout_rooms, serial_aquarium,
          aquarium_bridge_island_small [aquarium_subvault_small_water,
          aquarium_subvault_wall, aquarium_subvault_bridge,
          aquarium_subvault_bridge, aquarium_subvault_bridge],
          aquarium_window_corridor_3, aquarium_window_2, aquarium_window_2,
          aquarium_view_2d, aquarium_balcony_3b, aquarium_pool_2
D:2:      layout_basic, serial_shops, nicolae_shop_competitors_out_of_business,
          shop, nicolae_shop_real_fake_doors, nicolae_shop_industrial_runoff,
          basic_altar, minmay_box_of_dots
D:3:      layout_basic, gammafunk_ghost_grave, minmay_fountain_box,
          hangedman_decor_push
D:4:      layout_rooms, kennysheep_little_box, lemuel_crystal_altar,
          nicolae_wu_jian_immortal_techniques, uniq_pikel, uniq_menkaure
D:5:      layout_basic, mainiacjoe_overflow_tiny_flanked,
          nicolae_twisty_statue_hallways, uniq_sigmund, uniq_grinder,
          uniq_eustachio, uniq_edmund
D:6:      layout_cave_pools, minmay_temple_entry_glass
D:7:      layout_loops_cross, grunt_temple_overflow_open, enter_bailey_3
D:8:      layout_rooms, beargit_hepliaklqana_dungeon_heroes,
          mainiacjoe_overflow_catwalk, serial_shops,
          nicolae_shop_window_shopping, minivault_22, uniq_maurice

Skill      XL: |  1  2  3  4  5  6  7  8  9 10 |
---------------+-------------------------------+-----
Fighting       | 4 5 6 8 9 |  9.7
Shields        | 1 3 4 6 |  6.4
Unarmed Combat | 4 7 10 12 | 12.3
Spellcasting   | |  1.0
Fire Magic     | |  2.6

Action                     |  1- 3 |  4- 6 |  7- 9 | 10-12 || total
---------------------------+-------+-------+-------+-------++-------
  Melee: Unarmed           |   137 |   150 |   278 |   178 ||   743
         Tailslap          |       |       |    27 |    31 ||    58
  Throw: Stone             |       |     2 |     5 |       ||     7
 Invoke: Fiery Armour      |     1 |     3 |     1 |     1 ||     6
  Evoke: Wand              |       |     1 |     6 |    14 ||    21
    Use: Scroll            |     7 |     2 |     5 |     6 ||    20
         Potion            |       |       |       |     4 ||     4
   Stab: Sleeping          |       |     1 |       |       ||     1
         Distracted        |       |       |     1 |       ||     1
         Paralysed         |       |       |       |     2 ||     2
 Armour: Robe              |    10 |       |       |       ||    10
         Leather armour    |     6 |       |       |       ||     6
         Ring mail         |    99 |    88 |   250 |   125 ||   562
  Dodge: Dodged            |    64 |    56 |   163 |    56 ||   339
  Block: Buckler           |    18 |    17 |    38 |       ||    73
         Kite shield       |       |       |    47 |    66 ||   113

Table legend: (Time is in decaauts)
 A = Elapsed time spent in this place.
 B = Non-inter-level travel time spent in this place.
 C = Inter-level travel time spent in this place.
 D = Time resting spent in this place.
 E = Time spent auto-exploring this place.
 F = Levels seen in this place.
 G = Mean time per level.
                   A        B        C        D        E       F      G
               +--------+--------+--------+--------+--------+-----+--------+
         Total |   9294 |   9090 |    204 |   1939 |   5029 |   9 | 1032.7 |
       Dungeon |   7732 |   7528 |    204 |    868 |   4991 |   8 |  966.5 |
        Bailey |   1561 |   1561 |      0 |   1071 |     38 |   1 | 1561.0 |
               +--------+--------+--------+--------+--------+-----+--------+

Top non-repeatable levels by time:
  Bailey: 1561 daAuts
     D:5: 1390 daAuts
     D:4: 1201 daAuts
     D:2: 1087 daAuts
     D:3: 1063 daAuts
     D:1: 819 daAuts
     D:7: 802 daAuts
     D:6: 700 daAuts
     D:8: 667 daAuts
